Unix NetHack Version 5.0.0-0 post-release - last build Jun 10 2026 00:39:30 (3ee93aec679c4c4259841fe613dc97188e26a321,branch:main).

Game began 2026-06-17 00:51:12, ended 2026-06-17 01:31:49.

DaveT, lawful male human Priest

                  -------      ----------------
                  |.....|      |..............|                       --------
        -----    #|.....|      -.........<....|                       |......|
        |...-#####.......      |..............|                       |...<..|
        |...|   ##-|- ---     #-.....`.........#####################*#-......|
        |....      #          #---.------------                       ----.---
        |...|      #     ######   ## #                                   ##
       #....|      #     #         ###                                   #
       #-----      #     #           ##########                          #
       #           #     #                ----.---    ------            ##
       #           ##    #                |......|    |....|            #
       #            #    #                |.......#   |..{.|            #
  -----#            #   ##                |......|####-.....##    ------|-
  |.@..#           -|---#                 |......|    ------ #### |...(..|
  |...|            |.^.|#                 |......|              # |..+...|
  |>...            |.%.|#                 |......|              ##-......|
  -----            |.^.|#                 --------                --------
                   |.)..#
                   -----

DaveT the Adept              St:25 Dx:13 Co:17 In:9 Wi:18 Ch:10  Lawful
Dlvl:8  $:108 HP:0(76) Pw:86(86) AC:-6 Xp:8 T:7140  Satiated Burdened Blind

Latest messages:
 You succeed in unlocking the door.
 In what direction? h
 The door opens.
 You see here a slime mold.
 You have a little trouble lifting U - a slime mold (4 in total).
 You have a little trouble lifting $ - 25 gold pieces (108 in total).
 You see here a food ration.
 You have a little trouble lifting M - a food ration (4 in total).
 You see here a chest.
 You have a little trouble removing v - a cyan spellbook.
 A - a potion of healing (6 in total).
 What do you want to read? [hmnvxO or ?*] v
 A cloud of darkness falls upon you.
 The spellbook crumbles to dust!
 Call a cyan spellbook: dust
 It bites!
 It stings!
 It bites!
 It misses!
 It just misses!
 It stings!
 It bites!
 It stings!
 It misses!
 It stings!
 It misses!
 It stings!
 It bites!
 It stings!
 It misses!
 It stings!
 It misses!
 It stings!
 It bites!
 It stings!
 It bites!
 It stings!
 It just misses!
 It misses!
 It bites!
 It misses!
 It misses!
 It stings!
 It bites!
 It stings!
 It bites!
 It stings!
 You die...
 Do you want your possessions identified? [ynq] (y) y
 Do you want to see your attributes? [ynq] (y) q

Inventory:
 Coins    ('$')
  $ - 108 gold pieces
 Weapons  (')')
  P - 2 blessed +0 darts (at the ready)
  K - 13 +0 darts
  a - a blessed +2 mace (weapon in right hand)
 Armor    ('[')
  s - a +0 helm of brilliance
  H - a blessed +3 orcish helm (being worn)
  Z - a blessed rustproof +0 pair of gauntlets of power (being worn)
  u - a blessed +1 pair of kicking boots (being worn)
  L - a +0 shield of reflection (being worn)
  b - a +0 mummy wrapping
  j - a +0 robe (being worn)
  w - a +0 T-shirt with text "I bounced off a rubber tree" (being worn)
  o - a blessed +2 studded leather armor (being worn)
 Comestibles  ('%')
  U - 4 slime molds
  e - a clove of garlic
  M - 4 food rations
  C - 2 fortune cookies
  f - a sprig of wolfsbane
  S - 2 lizard corpses
 Scrolls  ('?')
  m - 3 scrolls of blank paper
  n - a cursed scroll of blank paper
  x - 2 scrolls of identify
  O - a cursed scroll of light
  h - a cursed scroll of teleportation
 Potions  ('!')
  z - a blessed potion of healing
  A - 6 potions of healing
  p - a cursed potion of healing
  G - a cursed potion of speed
  d - a potion of holy water
  c - 2 potions of water
 Rings    ('=')
  g - a ring of sustain ability
  N - a cursed ring of teleportation
 Wands    ('/')
  R - a wand of teleportation (0:2)
 Tools    ('(')
  F - a bell
  r - a cursed credit card
  i - a magic marker (0:22)
  W - a blessed oil lamp
  I - a +0 pick-axe
  k - a skeleton key
  T - a +0 unicorn horn
 Gems/Stones  ('*')
  J - a touchstone

DaveT the Priest's attributes:

Background:
 You were an Adept, a level 8 human Priest.
 You were lawful, on a mission for Blind Io
 who was opposed by The Lady (neutral) and Offler (chaotic).
 You were right-handed.
 You were in the Dungeons of Doom, on level 8.
 You entered the dungeon 7140 turns ago.
 It was nighttime.
 There was a new moon in effect when your adventure ended.
 You had 2281 experience points, 279 more were needed to attain level 9.

Basics:
 You had 0 out of 76 hit points.
 You had all 86 energy points (spell power).
 Your armor class was -6.
 Your wallet contained 108 zorkmids.
 Autopickup was off.

Final Characteristics:
 Your strength was 25 (base:12, innate limit:18/100).
 Your dexterity was 13 (limit:18).
 Your constitution was 17 (limit:18).
 Your intelligence was 9 (limit:18).
 Your wisdom was 18 (limit:18).
 Your charisma was 10 (limit:18).

Final Status:
 You were temporarily blind.
 You were satiated.
 You were burdened; movement was slightly slowed.
 You were wielding a mace.
 You had expert skill with mace.

Final Attributes:
 You were piously aligned.
 You were cold resistant.
 You would have confused monsters when hitting them.
 You were guarded.
 Your spell casting was enhanced by wearing a robe.
 You were fast.
 You had reflection.
 You are dead.

Miscellaneous:
 You encountered 1 bones level.
 Total elapsed playing time was 40 minutes and 37 seconds.

Major events:
 Turn
    1: DaveT the lawful human Priest entered the dungeon
  676: attained the rank of Acolyte (level 3)
 1625: entered the Gnomish Mines
 2224: attained the rank of Adept (level 6)
 2661: reached Mine Town
 3635: made his first wish - "blessed rustproof +3 gauntlets of power", got "a blessed pair of riding gloves"
 6895: entered Sokoban
 7140: killed by a soldier ant, while reading a book

Spells:
 Name                 Level Category     Fail Retention
 healing                1   healing       76%   61%-70%
 detect monsters        1   divination    82%   51%-75%
 light                  1   clerical      82%   71%-80%
 wizard lock            2   matter        98%  76%-100%
 chain lightning        2   attack        98%  76%-100%
 knock                  1   matter        82%  76%-100%

Skills:
 Fighting Skills
   bare handed combat [Unskilled]
 Weapon Skills
   club               [Unskilled]
   mace               [Expert]
   morning star       [Unskilled]
   flail              [Unskilled]
   hammer             [Unskilled]
   quarterstaff       [Unskilled]
   polearms           [Unskilled]
   spear              [Unskilled]
   trident            [Unskilled]
   lance              [Unskilled]
   bow                [Unskilled]
   sling              [Unskilled]
   crossbow           [Unskilled]
   dart               [Unskilled]
   shuriken           [Unskilled]
   boomerang          [Unskilled]
   unicorn horn       [Unskilled]
 Spellcasting Skills
   healing spells     [Basic]
   divination spells  [Unskilled]
   clerical spells    [Basic]

Voluntary challenges:
 Character rerolling was not enabled.
 You never genocided any monsters.
 You never polymorphed an object.
 You never changed form.
 You used 1 wish.
 You did not wish for any artifacts.
 You did not violate any of the special Sokoban rules.
Achievements:
 You attained the rank of Acolyte.
 You entered the Gnomish Mines.
 You attained the rank of Adept.
 You entered Minetown.
 You entered a shop.
 You entered a temple.
 You entered Sokoban.

 The Dungeons of Doom: levels 1 to 8
    Level 1:
       Some fountains.
    Level 2:
       A grave.
    Level 3:
       An altar to Blind Io.
    Level 4:
       A fountain, a grave.
       Stairs down to The Gnomish Mines.
    Level 5: "empty vaule"
       An armor shop.
    Level 6:
       A fountain.
    Level 7:
       Many fountains.
    Level 8: <- You were here.
       A fountain.
       Stairs up to Sokoban, level 7.
       Final resting place for
          you, killed by a soldier ant, while reading a book.
 The Gnomish Mines: levels 5 to 8
    Level 5:
    Level 6:
    Level 7:
       Many shops, a temple and an altar, some fountains, a grave.
       Final resting place for
          Fletchius-Arc-Dwa-Fem-Law, killed by a giant mimic.
    Level 8:
 Sokoban:
    Level 7:
       Unsolved.


Vanquished creatures:
  a ghost
  a giant mimic
  2 large mimics
  3 small mimics
 an ettin mummy
  a tengu
  a leather golem
  a crocodile
  3 wolves
  a leprechaun
  2 vampire bats
  a gnome ruler
  a werewolf
  3 lizards
  a black unicorn
  a plains centaur
  a gnome mummy
  4 apes
  4 human zombies
  a bugbear
  a quasit
  a rock piercer
  a rock mole
  a pony
  a yellow light
  6 gnome leaders
  4 gnomish wizards
  2 gray oozes
  a straw golem
  a paper golem
  3 giant ants
  4 floating eyes
  3 kittens
  5 dwarves
  4 homunculi
  a kobold leader
  3 hill orcs
  2 rothes
  a rabid rat
  a giant bat
 10 orc zombies
  2 iguanas
  4 killer bees
  a gas spore
  a hobbit
  2 hobgoblins
  2 giant rats
  4 cave spiders
  a yellow mold
  a red mold
 27 gnomes
  2 geckos
  7 jackals
  a fox
  a kobold
  5 goblins
 14 grid bugs
  4 lichens
  3 kobold zombies
  6 newts
178 creatures vanquished.

No species were genocided or became extinct.

Game over:
                       ----------
                      /          \
                     /    REST    \
                    /      IN      \
                   /     PEACE      \
                  /                  \
                  |      DaveT       |
                  |      108 Au      |
                  |   killed by a    |
                  |   soldier ant    |
                  |                  |
                  |                  |
                  |       2026       |
                 *|     *  *  *      | *
        _________)/\\_//(\/(/\)/\//\/|_)_______

Goodbye DaveT the Priest...

You died in The Dungeons of Doom on dungeon level 8 with 9702 points,
and 108 pieces of gold, after 7140 moves.
You were level 8 with a maximum of 76 hit points when you died.

